 Dungeon Crawl Stone Soup version 0.30.1-11-g7821555f0a (webtiles) character file.

Game seed: 313058299098644696

1792 booth the Grappler (level 8, 0/80 HPs)
             Began as a Troll Monk on Jan 2, 2024.
             Was a Believer of Okawaru.
             Slain by an acid dragon (6 damage)
             ... on level 7 of the Dungeon.
             The game lasted 00:43:31 (5369 turns).

booth the Grappler (Troll Monk)                     Turns: 5369, Time: 00:43:32

Health: 0/80       AC: -9    Str: 26      XL:     8   Next: 82%
Magic:  7/7        EV: 11    Int:  4 (6)  God:    Okawaru [**....]
Gold:   116        SH:  0    Dex: 12 (14) Spells: 7/7 levels left

rFire   . .          .
                       - Unarmed
rCold   . . .        c - orb {light}
rNeg    . . .        a - +0 robe
rPois   .            (helmet restricted)
rElec   .            e - +2 cloak
rCorr   .            (gloves unavailable)
SInv    .            (boots unavailable)
Will    +....        p - amulet of regeneration
Stlth   +            l - +6 ring of strength
HPRegen 1.93/turn    i - ring of willpower
MPRegen 0.10/turn

%: no passive effects
@: corroded, glowing
A: large, unfitting armour, claws 3, regeneration 1, shaggy fur 1, tough skin 1
a: Renounce Religion, Heroism


You were on level 7 of the Dungeon.
You worshipped Okawaru.
Okawaru was pleased with you.
You visited 2 branches of the dungeon, and saw 8 of its levels.

You collected 307 gold pieces.
You spent 191 gold pieces at shops.

Inventory:

Missiles
 u - 5 poisoned darts
 v - 5 throwing nets
 w - 3 boomerangs (quivered)
Armour
 a - a +0 robe (worn)
 c - an orb of light (worn)
 e - a +2 cloak (worn)
Jewellery
 h - a +4 ring of protection
 i - a ring of willpower (right claw)
 j - a ring of fire
 l - a +6 ring of strength (left claw)
 p - an amulet of regeneration (around neck)
 s - a ring of positive energy
 x - a +6 ring of intelligence
 C - a +6 ring of dexterity
 G - an amulet of the acrobat
Wands
 d - a wand of digging (4)
 y - a wand of polymorph (10)
 H - a wand of quicksilver (5)
Scrolls
 f - a scroll of blinking
 n - a scroll of vulnerability
 r - 3 scrolls of amnesia
 B - 3 scrolls of teleportation
 D - 2 scrolls of immolation
 E - a scroll of enchant weapon
Potions
 b - 3 potions of ambrosia
 g - 3 potions of curing
 k - 2 potions of magic
 m - a potion of brilliance
 o - a potion of cancellation
 q - a potion of lignification
 t - a potion of attraction
 z - a potion of heal wounds
 A - a potion of resistance {unknown}


   Skills:
 + Level 5.0 Fighting
 + Level 3.2 Throwing
 + Level 5.1 Dodging
 * Level 8.1 Unarmed Combat


You had 7 spell levels left.
You didn't know any spells.
Your spell library contained the following spells:

 Spells                   Type           Power      Damage    Failure   Level
 Freeze                   Ice            0%         1d3       50%         1
 Scorch                   Fire           0%         2d5       65%         2
 Frozen Ramparts          Ice            0%         1d1       86%         3
 Hailstorm                Conj/Ice       0%         3d3       86%         3
 Flame Wave               Conj/Fire      0%         2d4       99%         4
 Summon Cactus Giant      Summ           Unusable   N/A       N/A         6

Dungeon Overview and Level Annotations

Branches:
Dungeon (7/15)             Temple (1/1) D:7

Altars:
Cheibriados
Dithmenos
Elyvilon
Fedhas
Gozag
Hepliaklqana
Kikubaaqudgha
Makhleb
Nemelex Xobeh
Okawaru
Qazlal
Ru
Sif Muna
Trog
Uskayaw
Vehumet
Wu Jian
Xom
Yredelemnul
Zin

Shops:
D:1 [?[?   D:5 !   D:6 *

Annotations:
D:6 3 runed translucent doors, TheBioAlchemist's ghost, novice GnHs


Innate Abilities, Weirdness & Mutations

You are too large for most types of armour.
You have claws for hands.
Your natural rate of healing is unusually fast.
You are covered in fur. (AC +1)
You have tough skin. (AC +1)


Message History

You scratch the acid dragon but do no damage.
The acid dragon is lightly wounded.
The acid dragon completely misses you. The acid dragon claws you.
You scratch the acid dragon but do no damage.
The acid dragon is lightly wounded.
The acid dragon bites you! The acid dragon misses you.
You scratch the acid dragon but do no damage.
The acid dragon is lightly wounded.
The acid dragon barely misses you. The acid dragon closely misses you.
You barely miss the acid dragon.
The acid dragon is lightly wounded.
You scratch the acid dragon but do no damage.
The acid dragon is lightly wounded.
The acid dragon bites you! The acid dragon claws you.
* * * LOW HITPOINT WARNING * * *
You scratch the acid dragon but do no damage.
The acid dragon is lightly wounded.
The acid dragon closely misses you. x2
You scratch the acid dragon but do no damage.
The acid dragon is lightly wounded.
The acid dragon bites you!
* * * LOW HITPOINT WARNING * * *
The acid dragon barely misses you.
You feel much better. The acid dragon bites you.
The acid dragon closely misses you.
You barely miss the acid dragon.
The acid dragon is lightly wounded.
The acid dragon bites you! The acid dragon claws you.
You scratch the acid dragon but do no damage.
The acid dragon is lightly wounded.
The acid dragon spits acid at you. The splash of acid hits you!!
* * * LOW HITPOINT WARNING * * *
The acid corrodes you!
You scratch the acid dragon but do no damage.
The acid dragon is lightly wounded.
You barely miss the acid dragon.
The acid dragon is lightly wounded.
The acid dragon bites you.
You die...

#.....##≈≈≈#.#.##
#.....##≈≈≈#....#
#.....##≈≈≈#.#..#
#.....##≈≈≈#....#
########≈≈≈####.#
#≈≈ ####.#
######....#
#.....#####
#.##@D# #.## ..#
####


You could see an acid dragon (catching breath).

Vanquished Creatures
  An ice beast (D:5)
  A black bear (D:5)
  2 phantoms
  A gnoll sergeant (D:7)
  A bullfrog (D:7)
  2 scorpions
  5 wights (D:6)
  3 killer bees (D:7)
  4 hounds
  2 orc priests
  4 sleepcaps
  5 iguanas
  3 orc wizards
  10 gnolls
  10 adders
  A white imp (D:6)
  2 worms (D:4)
  4 dart slugs
  28 orcs
  7 endoplasms
  6 giant cockroaches
  7 goblins
  7 hobgoblins
  2 jackals (D:1)
  2 quokkas
  13 ball pythons
  5 bats
  4 frilled lizards
  4 kobolds
  5 rats
151 creatures vanquished.

Notes
Turn   | Place    | Note
-------+----------+-------------------------------------------
     0 | D:1      | booth the Troll Monk began the quest for the Orb.
     0 | D:1      | Reached XP level 1. HP: 22/22 MP: 0/0
    31 | D:1      | Found Mitausoife's Magic Scroll Boutique.
   125 | D:1      | Reached XP level 2. HP: 29/29 MP: 1/1
   490 | D:1      | Found Tissuf's Antique Armour Shop.
   576 | D:1      | Found Tuz Avyr's Magic Scroll Boutique.
   695 | D:1      | Found a faded altar of an unknown god.
   721 | D:1      | Found Pacsuusk's Antique Armour Boutique.
   916 | D:1      | Reached XP level 3. HP: 35/36 MP: 2/2
  1909 | D:3      | Reached skill level 4 in Unarmed Combat
  1913 | D:3      | Reached XP level 4. HP: 42/44 MP: 3/3
  2111 | D:3      | Reached XP level 5. HP: 53/53 MP: 4/4
  2737 | D:4      | Reached skill level 5 in Unarmed Combat
  2740 | D:4      | Noticed a phantom
  2747 | D:4      | Killed a phantom
  2748 | D:4      | Reached XP level 6. HP: 61/61 MP: 5/5
  3055 | D:5      | Entered Level 5 of the Dungeon
  3209 | D:5      | Found a bloodstained altar of Trog.
  3209 | D:5      | Found an ornate altar of the Wu Jian Council.
  3269 | D:5      | Found Dunyig Xiong's Distillery.
  3278 | D:5      | Bought a potion of heal wounds for 65 gold pieces
  3327 | D:1      | Bought 3 scrolls of identify for 84 gold pieces
  3327 | D:1      | Bought a scroll of teleportation for 42 gold pieces
  3469 | D:5      | Found a shadowy altar of Dithmenos.
  3512 | D:5      | Noticed an ice beast
  3524 | D:5      | Killed an ice beast
  3525 | D:5      | Reached skill level 6 in Unarmed Combat
  3525 | D:5      | Reached XP level 7. HP: 56/70 MP: 6/6
  3539 | D:5      | Reached skill level 1 in Throwing
  4141 | D:6      | Reached XP level 8. HP: 33/70 MP: 7/7
  4143 | D:6      | Reached skill level 7 in Unarmed Combat
  4260 | D:6      | Found Gutiluu's Assorted Antiques.
  4571 | D:6      | Found a runed translucent gate.
  4572 | D:6      | Found a runed translucent gate.
  4572 | D:6      | Noticed TheBioAlchemist's ghost (novice GnHs)
  4573 | D:6      | Found a runed translucent gate.
  4799 | D:7      | Found a staircase to the Ecumenical Temple.
  4814 | Temple   | Entered the Ecumenical Temple
  4827 | Temple   | Became a worshipper of Warmaster Okawaru
  4827 | Temple   | Reached * piety under Okawaru
  4827 | Temple   | Reached ** piety under Okawaru
  4992 | D:7      | Reached skill level 5 in Dodging
  5145 | D:7      | Reached skill level 5 in Fighting
  5145 | D:7      | Reached skill level 8 in Unarmed Combat
  5367 | D:7      | HP: 2/80 [acid dragon/splash of acid (27)]
  5369 | D:7      | Slain by an acid dragon

Illustrated notes

Levels and vault maps discovered:
D:1:      giann_forest_graveyard, layout_basic, serial_shops, shop, shop,
          nicolae_shop_peninsula, shop, shapermc_ecumenical_altar_flowoftime
D:2:      layout_loops_ring, nicolae_kite_square_tiling_tiny,
          minmay_misc_feat_ornament, kennysheep_crisscross, minivault_4,
          minmay_bisected
D:3:      layout_rooms, grunt_decor_resistance
D:4:      layout_gridville
D:5:      black_bear_nest_2, layout_basic, grunt_dithmenos_smoke,
          grunt_temple_overflow_open, serial_shops, shop, kennysheep_dice
D:6:      layout_cave_pools, biasface_ghost_orc_armoury, serial_shops,
          nicolae_take_the_stairs
D:7:      layout_loops_cross, minmay_temple_entry_arrows, enter_bailey_5,
          serial_aquarium, aquarium_bridge_long_joined
          [aquarium_subvault_window, aquarium_subvault_bridge,
          aquarium_subvault_bridge, aquarium_subvault_wall,
          aquarium_subvault_window, aquarium_subvault_wall], aquarium_window_2,
          aquarium_window_corridor_3, aquarium_window_fake,
          aquarium_window_fake, aquarium_view_2d, aquarium_view_2g,
          serial_bayou_ford_a
Temple:   sentei_temple_godly_chess

Skill      XL: |  1  2  3  4  5  6  7  8 |
---------------+-------------------------+-----
Dodging        | 3 4 5 |  5.1
Unarmed Combat | 4 5 6 8 |  8.1
Fighting       | 3 4 5 |  5.0
Throwing       | 2 3 |  3.2

Action                     |  1- 3 |  4- 6 |  7- 9 || total
---------------------------+-------+-------+-------++-------
  Melee: Unarmed           |   112 |   125 |   128 ||   365
  Throw: Boomerang         |       |       |     6 ||     6
    Use: Scroll            |     5 |     9 |     2 ||    16
         Potion            |       |       |     4 ||     4
 Armour: Robe              |    22 |    28 |    33 ||    83
  Dodge: Dodged            |    29 |    50 |    64 ||   143
